 Dungeon Crawl Stone Soup version 0.24-a0-235-g3f03afc (webtiles) character file.

467386 alfred1011 the Warrior (level 24, -18/164 HPs)
             Began as a Gargoyle Fighter on Dec 12, 2018.
             Was the Champion of the Shining One.
             Demolished by an iron troll (22 damage)
             ... on level 4 of the Depths on Apr 6, 2019.
             The game lasted 05:46:54 (51719 turns).

alfred1011 the Warrior (Gargoyle Fighter)          Turns: 51719, Time: 05:46:55

Health: -18/164    AC: 44    Str: 34    XL:     24   Next: 60%
Magic:  0/35       EV: 13    Int: 11    God:    the Shining One [******]
Gold:   2282       SH: 27    Dex: 10    Spells: 26/30 levels left

rFire    + . .     SeeInvis +   a - +3 eveningstar (flame)
rCold    + . .     Gourm    .   i - +3 large shield
rNeg     + + +     Faith    .   j - +5 scale mail "Qaog" {rF+}
rPois    ∞         Spirit   +   p - +0 helmet
rElec    +         Reflect  .   W - scarf {Spirit}
rCorr    .         Harm     .   n - +2 pair of gloves {Str+3}
MR       +....                  D - +2 pair of boots of the Assassin {Detection Stab+ Stlth++}
Stlth    +.........             S - amulet of the acrobat
HPRegen  0.37/turn              K - +4 ring of slaying
MPRegen  0.24/turn              Q - ring "Emagizudd" {rC+ Str+2 Slay+3 SInv Stlth+}

@: flying, glowing
A: big wings, negative energy resistance 1, electricity resistance, unbreathing,
petrification resistance, rot immunity, AC +18
}: 2/15 runes: decaying, serpentine
a: Stop Flying, Divine Shield, Cleansing Flame, Summon Divine Warrior, Renounce
Religion


You were on level 4 of the Depths.
You worshipped the Shining One.
The Shining One was exalted by your worship.
You were hungry.

You visited 8 branches of the dungeon, and saw 41 of its levels.
You also visited: Bailey and Volcano.

You collected 5118 gold pieces.
You spent 2836 gold pieces at shops.

Inventory:

Hand Weapons
 a - a +3 eveningstar of flaming (weapon)
 b - a +4 sacred scourge of holy wrath
 w - a +6 whip of electrocution
Missiles
 r - 5 throwing nets
 A - 28 tomahawks of returning (quivered)
Armour
 i - a +3 large shield (worn)
 j - the +5 scale mail "Qaog" (worn) {rF+}
   (You found it on level 3 of the Vaults)

   It protects you from fire.
 n - a +2 pair of gloves of strength (worn)
 p - a +0 helmet (worn)
 D - the +2 pair of boots of the Assassin (worn) {Detection Stab+ Stlth++}
   (You found it on level 1 of the Depths)

   It makes you much more stealthy.
 W - a scarf of spirit shield (worn)
Jewellery
 f - an uncursed ring of protection from fire
 t - an uncursed ring of protection from cold
 K - a +4 ring of slaying (left hand)
 Q - the ring "Emagizudd" (right hand) {rC+ Str+2 Slay+3 SInv Stlth+}
   (You found it on level 6 of the Lair of Beasts)

   [ring of see invisible]

   It affects your strength (+2).
   It affects your accuracy and damage with ranged weapons and melee attacks
   (+3).
   It protects you from cold.
   It lets you see invisible.
   It makes you more stealthy.
 S - an amulet of the acrobat (around neck)
Wands
 l - a wand of paralysis (26)
 y - a wand of polymorph (39)
 C - a wand of digging (15)
 G - a wand of iceblast (59)
 R - a wand of scattershot (1)
 T - a wand of flame (79)
 Y - a wand of acid (8)
Scrolls
 d - 21 scrolls of identify
 h - 5 scrolls of teleportation
 k - 6 scrolls of amnesia
 o - a scroll of enchant weapon
 s - a scroll of fear
 u - 17 scrolls of remove curse
 v - 6 scrolls of fog
 z - 9 scrolls of magic mapping
 U - 4 scrolls of vulnerability
Potions
 c - a potion of berserk rage
 m - 2 potions of heal wounds
 B - 5 potions of mutation
 E - 2 potions of agility
 F - 5 potions of lignification
 H - 3 potions of brilliance
 I - 5 potions of cancellation
 J - 11 potions of curing
 N - a potion of might
 P - 6 potions of resistance
 V - a potion of haste
Miscellaneous
 e - 2 sacks of spiders
Comestibles
 g - 40 rations
 q - 12 chunks of flesh


   Skills:
 + Level 20.7 Fighting
 - Level 16.0 Maces & Flails
 + Level 20.2 Armour
 + Level 9.1 Dodging
 + Level 18.7 Shields
 - Level 3.8 Spellcasting
 - Level 3.7 Summonings
 - Level 3.4 Air Magic
 + Level 17.4 Invocations


You had 26 spell levels left.
You knew the following spells:

 Your Spells              Type           Power        Failure   Level  Hunger
a - Summon Lightning Spi  Summ/Air       ##......     88%         4    #####..

Your spell library contained the following spells:

 Spells                   Type           Power        Failure   Level  Hunger
 Summon Small Mammal      Summ           ##..         17%         1    #......
 Poisonous Vapours        Pois/Air       #.....       52%         2    ##.....
 Swiftness                Chrm/Air       #.......     52%         2    ##.....
 Animate Skeleton         Necr           N/A          63%         1    #......
 Apportation              Tloc           #.....       63%         1    #......
 Confusing Touch          Hex            #.....       63%         1    #......
 Corona                   Hex            #......      63%         1    #......
 Sandblast                Erth           #.....       63%         1    #......
 Recall                   Summ/Tloc      N/A          75%         3    ###....
 Blink                    Tloc           N/A          77%         2    ##.....
 Ensorcelled Hibernation  Hex/Ice        #.....       77%         2    ##.....
 Passwall                 Tmut/Erth      #.......     77%         2    ##.....
 Shroud of Golubria       Chrm/Tloc      #.........   77%         2    ##.....
 Slow                     Hex            #.......     77%         2    ##.....
 Gell's Gravitas          Tloc           #.........   94%         3    ###....
 Inner Flame              Hex/Fire       #.......     94%         3    ###....
 Lesser Beckoning         Tloc           #.........   94%         3    ###....
 Portal Projectile        Hex/Tloc       #.....       94%         3    ###....
 Stone Arrow              Conj/Erth      #.....       94%         3    ###....
 Teleport Other           Tloc           #.......     94%         3    ###....
 Aura of Abjuration       Summ           ##........   99%         5    ######.
 Summon Demon             Summ           ##........   99%         5    ######.
 Animate Dead             Necr           N/A          100%        4    #####..
 Cause Fear               Hex            #.........   100%        4    #####..
 Leda's Liquefaction      Hex/Erth       #.........   100%        4    #####..
 Passage of Golubria      Tloc           N/A          100%        4    #####..
 Petrify                  Tmut/Erth      #.......     100%        4    #####..
 Borgnjor's Vile Clutch   Necr/Erth      #.........   100%        5    ######.
 Iskenderun's Battlesphe  Conj/Chrm      #.......     100%        5    ######.
 Lee's Rapid Deconstruct  Erth           #.........   100%        5    ######.
 Silence                  Hex/Air        #.........   100%        5    ######.
 Summon Forest            Summ/Tloc      #.........   100%        5    ######.
 Summon Mana Viper        Hex/Summ       #.......     100%        5    ######.
 Yara's Violent Unravell  Hex/Tmut       #.........   100%        5    ######.
 Conjure Ball Lightning   Conj/Air       #.........   100%        6    #######
 Darkness                 Hex            #.........   100%        6    #######
 Death Channel            Necr           #.........   100%        6    #######
 Deflect Missiles         Chrm/Air       #.........   100%        6    #######
 Shadow Creatures         Summ           N/A          100%        6    #######
 Simulacrum               Ice/Necr       #.........   100%        6    #######
 Discord                  Hex            #.........   100%        8    #######
 Tornado                  Air            #.........   100%        9    #######


Dungeon Overview and Level Annotations

Branches:
Dungeon (15/15)            Temple (1/1) D:5            Lair (6/6) D:11
  Swamp (4/4) Lair:4        Snake (4/4) Lair:4        Slime (0/5) Lair:5
    Orc (2/2) D:10            Elf (0/3) Orc:2        Vaults (4/5) D:14
  Crypt (0/3) Vaults:2     Depths (5/5) D:15
    Zot: Depths:5

Altars:
Ashenzari
Cheibriados
Dithmenos
Elyvilon
Fedhas
Gozag
Hepliaklqana
Kikubaaqudgha
Makhleb
Nemelex Xobeh
Okawaru
Qazlal
Ru
Sif Muna
Trog
Uskayaw
Vehumet
Wu Jian
Xom
Yredelemnul
Zin
The Shining One
Jiyva

Shops:
D:6 [   D:10 (   Orc:2 (%!!   Snake:1 *   Vaults:2 *

Portals:
Hell: Lair:6 Depths:1 Depths:2 Depths:3
Abyss: Depths:5
Ziggurat: Depths:2

Annotations:
D:15 1 runed door, Vusoih's ghost, journeyman DsFi
Swamp:1 exclusion: downstairs


Innate Abilities, Weirdness & Mutations

You are resistant to torment.
Your stone body is resilient. (AC +18)
You are immune to poison.
Your large and strong wings let you fly indefinitely.
You resist negative energy. (rN+)
You are resistant to electric shocks. (rElec)
You can survive without breathing.
You are immune to petrification.
You are immune to rotting.


Message History

You kill the centaur!
The golden flame engulfs the centaur!!!
You kill the centaur!
The golden flame engulfs the centaur!!
You kill the centaur!
The golden flame engulfs the centaur!!!
You kill the centaur!
The golden flame engulfs the centaur!!
You kill the centaur!
You feel somewhat more hungry.
You hear a deafening roar!
You hear a shout!
You hear a deafening roar!
You hear a shout! x2; You hear a deafening roar!
You hear a shout! x9
The deep troll bites you!!
* * * LOW HITPOINT WARNING * * *
You block the deep troll's attack. x2; The centaur warrior hits you.
* * * LOW HITPOINT WARNING * * *
The iron troll bites you!!
* * * LOW HITPOINT WARNING * * *
You block the iron troll's attack. The iron troll claws you!!
You die...

..##.....>.. ..
.#......... ...(.
#..(..(..........
R..<..#................
..}...#................
.......................
........T).............
.......)T@.............
.......)TcT)#........#.
........)).....>.......
.......................
.......................
.......####.##.########
.<..... #.##.# .......
###### .......


You could see an iron troll, a centaur warrior, 2 deep trolls and a deep troll
shaman.

Vanquished Creatures
  Mara (Vaults:3)
  A juggernaut (Depths:2)
  Sojobo (Vaults:4)
  Xtahua (Vaults:4)
  2 caustic shrikes
  Nikola (Swamp:2)
  2 tentacled monstrosities
  Rupert (Lair:5)
  Jorgrun (Swamp:2)
  2 sphinxes
  Kirke (Swamp:2)
  A thorn hunter (Swamp:3)
  12 nagarajas
  11 fire giants
  4 tengu reavers
  The ghost of tilp the Gelid, an adept MfIE of Makhleb (Snake:1)
  2 storm dragons (Depths:2)
  An iron dragon (Depths:2)
  6 frost giants
  Louise (D:14)
  8 vault wardens
  15 ironheart preservers
  11 very ugly things
  12 stone giants
  2 vampire knights
  A spriggan defender (Depths:2)
  Azrael (D:15)
  3 entropy weavers
  A spark wasp (Depths:2)
  A red draconian (Volcano)
  A dire elephant (Lair:6)
  8 ettins
  A crystal guardian (Vaults:4)
  2 green deaths (Swamp:4)
  2 jiangshi (Depths:1)
  5 yaktaur captains
  12 fire dragons
  The ghost of Eptagon the Martial Artist, a journeyman OpFi of Okawaru (Lair:1)
  Harold (D:11)
  12 vault guards
  12 naga warriors
  8 great orbs of eyes
  Erolcha (D:12)
  14 ogre magi
  A hell beast (Lair:6)
  9 ice dragons
  A catoblepas (Lair:3)
  7 rakshasas
  A spriggan air mage (Depths:2)
  24 hydras
  2 shambling mangroves
  23 anacondas
  9 centaur warriors
  An alligator (shapeshifter) (Vaults:3)
  11 alligators
  4 deep troll shamans (Depths:2)
  8 tengu warriors
  38 two-headed ogres
  A vampire mage (Depths:1)
  3 hell hogs (Depths:1)
  7 deep troll earth magi
  3 orc high priests (Orc:2)
  Urug (D:11)
  19 naga sharpshooters
  7 shock serpents
  4 spriggan berserkers (Depths:2)
  3 deep elf knights
  9 hell knights
  A fire crab (shapeshifter) (Depths:2)
  3 skeletal warriors
  3 salamander mystics
  10 deep trolls
  3 shadow wraiths
  4 iron trolls (Depths:2)
  A large abomination (Swamp:4)
  3 unseen horrors
  2 spriggan druids
  2 flayed ghosts
  An obsidian statue (Snake:1)
  7 naga ritualists
  9 swamp dragons
  5 glowing orange brains
  3 deep elf archers (Vaults:3)
  A glowing orange brain (shapeshifter) (Depths:2)
  10 orc knights
  7 wizards
  9 ironbrand convokers
  A faun (shapeshifter) (Vaults:1)
  7 necromancers
  2 tengu skeletons (Vaults:2)
  10 mana vipers
  3 deep elf magi
  6 orc sorcerers (Orc:2)
  4 wolf spiders
  7 cyclopes
  A sphinx skeleton (Vaults:2)
  35 ugly things
  39 black mambas
  2 fire giant skeletons (Vaults:2)
  15 salamanders
  21 elephants
  8 vault sentinels
  14 naga magi
  A salamander (shapeshifter) (Vaults:1)
  4 torpor snails
  Joseph (D:9)
  2 black mambas (shapeshifter) (Vaults:4)
  A gargoyle (D:14)
  10 guardian serpents
  4 orange demons
  A stone giant skeleton (Vaults:2)
  16 spiny frogs
  2 centaur skeletons (D:15)
  An orc skeleton (Vaults:2)
  3 kobold demonologists
  2 komodo dragons (Lair:3)
  34 yaktaurs
  An efreet (D:15)
  9 freezing wraiths
  A rime drake (shapeshifter) (D:15)
  4 rime drakes
  2 redback zombies
  6 human skeletons (Vaults:2)
  An ice devil (Lair:6)
  A yaktaur (shapeshifter) (Depths:2)
  A tengu conjurer (Depths:1)
  6 trolls
  A hellwing (Lair:6)
  A red devil (Lair:6)
  A polar bear (Lair:1)
  8 tyrant leeches
  A meliai (shapeshifter) (Vaults:4)
  9 bog bodies
  11 hornets
  50 slime creatures
  10 hippogriffs
  11 blink frogs
  4 redbacks
  7 spriggans
  3 wraiths
  A centaur simulacrum (D:14)
  6 shadows
  A tarantella (Vaults:3)
  A wyvern (shapeshifter) (Vaults:1)
  3 water elementals
  A basilisk (shapeshifter) (Vaults:2)
  8 wyverns
  A fire elemental (D:15)
  3 basilisks
  64 yaks
  A human (D:14)
  16 vampire mosquitoes
  54 nagas
  9 insubstantial wisps
  14 swamp worms
  An acid dragon (Vaults:2)
  10 water moccasins
  A deep troll skeleton (Vaults:2)
  6 porcupines
  17 hell hounds
  4 swamp drakes
  Duvessa (D:4)
  2 black bears (D:9)
  38 orc warriors
  3 phantoms
  5 sky beasts
  4 ice beasts
  An ettin simulacrum (Vaults:3)
  45 ogres
  An eye of draining (D:12)
  10 wolves
  8 boggarts
  15 centaurs
  6 crocodiles
  2 big kobolds
  The ghost of SaintRoka the Insei, an amateur TeIE (D:3)
  24 bullfrogs
  Dowan (D:4)
  A water moccasin zombie (D:7)
  A wyvern skeleton (D:11)
  5 scorpions
  An orc simulacrum (Vaults:1)
  3 human simulacra
  16 killer bees
  14 wights
  3 howler monkeys
  An electric eel (Lair:4)
  9 crimson imps
  3 bullfrog zombies
  4 centaur zombies
  A quasit (D:11)
  6 hounds
  27 orc priests
  9 jellies
  2 bullfrog skeletons (D:12)
  Ijyb (D:3)
  10 iguanas
  32 orc wizards
  6 worker ants
  A hound zombie (D:10)
  A hound skeleton (D:8)
  Robin (D:4)
  2 worker ant zombies
  13 gnolls
  A howler monkey skeleton (D:5)
  11 adders
  3 shadow imps
  2 oozes (Lair:5)
  An adder zombie (D:10)
  An adder skeleton (D:7)
  A worm (shapeshifter) (Depths:2)
  5 worms
  2 dart slugs
  8 leopard geckos
  115 orcs
  2 ball pythons
  A bat zombie (D:8)
  7 giant cockroaches
  20 goblins
  16 hobgoblins
  9 jackals
  22 kobolds
  6 quokkas
  10 bats
  2 frilled lizards
  A jackal skeleton (D:5)
  A leopard gecko zombie (D:6)
  A quokka skeleton (D:4)
  5 rats
  2 rat zombies (D:8)
  A spectral orc (D:6)
  3 fungi
1695 creatures vanquished.

Vanquished Creatures (collateral kills)
  A thorn hunter (Swamp:4)
  A storm dragon (Depths:1)
  A stone giant (Depths:1)
  An ettin (Depths:1)
  Fannar (Orc:1)
  A hydra (Swamp:4)
  A tengu warrior (Depths:1)
  A thrashing horror (Swamp:4)
  A hell knight (Depths:1)
  An unseen horror (Vaults:1)
  A glowing orange brain (Depths:1)
  2 orc knights (Vaults:4)
  2 ugly things (Depths:1)
  An orange demon (Swamp:4)
  3 yaktaurs
  A tyrant leech (Swamp:4)
  2 blink frogs (Swamp:4)
  A warg (Vaults:4)
  A large abomination (Swamp:4)
  2 orc warriors
  2 ogres
  An orc priest (Orc:1)
  9 orcs
38 creatures vanquished.

Vanquished Creatures (others)
  A thorn hunter (Swamp:2)
  A wizard (D:4)
  2 humans (Swamp:2)
  A swamp drake (Swamp:2)
  13 fungi
  12 plants
  2 withered plants (D:15)
32 creatures vanquished.

Grand Total: 1765 creatures vanquished

Notes
Turn   | Place    | Note
-------+----------+-------------------------------------------
     0 | D:1      | alfred1011 the Gargoyle Fighter began the quest for the
                  | Orb.
     0 | D:1      | Reached XP level 1. HP: 14/14 MP: 1/1
    88 | D:1      | Reached XP level 2. HP: 17/19 MP: 2/2
   486 | D:1      | You fall through a shaft!
   600 | D:1      | Reached XP level 3. HP: 17/23 MP: 3/3
  1325 | D:2      | You fall through a shaft!
  1361 | D:3      | Reached XP level 4. HP: 15/29 MP: 4/4
  1513 | D:3      | Found a transporter.
  1536 | D:3      | Noticed SaintRoka's ghost (amateur TeIE)
  1537 | D:3      | Noticed an ogre
  1537 | D:3      | Noticed an ogre
  1540 | D:3      | Found a transporter.
  1559 | D:3      | Found a snail-covered altar of Cheibriados.
  2753 | D:3      | Reached XP level 5. HP: 7/33 MP: 5/5
  3064 | D:4      | Noticed an ogre
  3668 | D:4      | Found a bloodstained altar of Trog.
  3671 | D:4      | Noticed a wizard
  3676 | D:4      | Killed a wizard
  3753 | D:3      | Reached XP level 6. HP: 38/38 MP: 6/6
  3791 | D:4      | Noticed Ijyb
  3839 | D:3      | Killed Ijyb
  3968 | D:4      | Noticed a hungry ghost
  4030 | D:4      | Paralysed by fainting for 10 turns
  4181 | D:5      | Entered Level 5 of the Dungeon
  4181 | D:5      | Found an iron altar of Okawaru.
  4206 | D:5      | Found an ancient bone altar of Kikubaaqudgha.
  4529 | D:4      | Noticed Robin
  4540 | D:4      | Reached XP level 7. HP: 29/44 MP: 7/7
  4600 | D:4      | Killed Robin
  4642 | D:4      | Reached skill level 5 in Maces & Flails
  4909 | D:4      | Reached skill level 5 in Shields
  5306 | D:4      | Noticed Duvessa
  5311 | D:4      | Noticed Dowan
  5329 | D:4      | Killed Duvessa
  5329 | D:4      | Reached skill level 5 in Fighting
  5329 | D:4      | Reached skill level 5 in Armour
  5342 | D:4      | Killed Dowan
  5813 | D:5      | Reached XP level 8. HP: 49/49 MP: 8/8
  5826 | D:5      | Found a shattered altar of Ashenzari.
  6467 | D:5      | Found a staircase to the Ecumenical Temple.
  6473 | D:5      | Found a shimmering altar of Xom.
  6485 | Temple   | Entered the Ecumenical Temple
  6761 | Temple   | Upgraded the game from 0.23-a0-558-g30802b1 to
                  | 0.23-a0-565-g3e74e4c
  6861 | Temple   | Became a worshipper of the Shining One
  7296 | D:6      | Reached XP level 9. HP: 55/55 MP: 9/9
  7525 | D:6      | Found a basalt altar of Yredelemnul.
  7801 | D:6      | Found Utzeuc's Armour Emporium.
  7817 | D:6      | Bought a +0 pair of boots for 54 gold pieces
  8038 | D:6      | Found an ornate altar of the Wu Jian Council.
  8104 | D:6      | Noticed an angel
  8105 | D:6      | Found a glowing silver altar of Zin.
  8423 | D:7      | Found a blossoming altar of Fedhas.
  8424 | D:7      | Found a stormy altar of Qazlal.
  8425 | D:7      | Found a sacrificial altar of Ru.
  8480 | D:7      | Reached * piety under the Shining One
  8482 | D:7      | Reached skill level 1 in Invocations
  9185 | D:7      | Noticed a troll
  9197 | D:7      | Killed a troll
  9202 | D:7      | Reached XP level 10. HP: 63/63 MP: 11/13
  9541 | D:8      | Reached ** piety under the Shining One
  9550 | D:8      | Found an ancient bone altar of Kikubaaqudgha.
  9668 | D:8      | Found a shadowy altar of Dithmenos.
  9691 | D:8      | Reached skill level 5 in Invocations
 10242 | D:9      | Found a hazy altar of Hepliaklqana.
 10304 | D:9      | Noticed a two-headed ogre
 10316 | D:9      | Killed a two-headed ogre
 10602 | D:9      | Noticed Joseph
 10642 | D:9      | Killed Joseph
 11147 | D:10     | Entered Level 10 of the Dungeon
 11220 | D:10     | Noticed a two-headed ogre
 11242 | D:10     | Killed a two-headed ogre
 11242 | D:10     | Reached XP level 11. HP: 65/69 MP: 13/16
 11289 | D:10     | Found Giypnebb's Weapon Boutique.
 11419 | D:10     | Found a staircase to the Orcish Mines.
 11446 | D:10     | Reached *** piety under the Shining One
 11456 | D:10     | Got a faintly glowing robe
 11467 | D:10     | Identified the +2 robe "Edoss" {+Inv rC+} (You found it on
                  | level 10 of the Dungeon)
 12497 | D:11     | You fall through a shaft!
 12509 | D:12     | Found a flagged portal.
 12557 | Bailey   | Entered a bailey
 12903 | D:12     | Noticed an unseen horror
 12924 | D:12     | Killed an unseen horror
 12925 | D:12     | Upgraded the game from 0.23-a0-565-g3e74e4c to
                  | 0.23-a0-582-g1b4a0ca
 12930 | D:12     | Reached **** piety under the Shining One
 12953 | D:12     | Noticed Erolcha
 12966 | D:12     | Killed Erolcha
 13176 | D:11     | Found a staircase to the Lair.
 13203 | D:11     | Noticed Harold
 13217 | D:11     | Noticed an unseen horror
 13219 | D:11     | Killed Harold
 13227 | D:11     | Killed an unseen horror
 13404 | D:11     | Reached XP level 12. HP: 76/76 MP: 19/19
 13431 | D:11     | Noticed a two-headed ogre
 13451 | D:11     | Killed a two-headed ogre
 13659 | D:11     | Reached skill level 10 in Maces & Flails
 13770 | D:11     | Noticed Urug
 13790 | D:11     | Killed Urug
 13790 | D:11     | Reached skill level 10 in Invocations
 14396 | D:12     | Reached skill level 10 in Armour
 14458 | D:12     | Noticed a seven-headed hydra
 14472 | D:12     | Killed a seven-headed hydra
 14472 | D:12     | Reached skill level 10 in Fighting
 14472 | D:12     | Reached skill level 10 in Shields
 14608 | D:12     | Reached ***** piety under the Shining One
 14931 | Lair:1   | Entered Level 1 of the Lair of Beasts
 14931 | Lair:1   | Found a hide-covered altar of Uskayaw.
 15115 | Lair:1   | Noticed a seven-headed hydra
 15140 | Lair:1   | Killed a seven-headed hydra
 15400 | Lair:1   | Found a runed door.
 15403 | Lair:1   | Identified the +6 trident "Eluirat" {pierce, *Rage rN++}
 15408 | Lair:1   | Noticed Eptagon's ghost (journeyman OpFi)
 15511 | Lair:1   | Killed Eptagon's ghost
 15984 | Lair:2   | Noticed a five-headed hydra
 16000 | Lair:2   | Killed a five-headed hydra
 16000 | Lair:2   | Reached XP level 13. HP: 70/83 MP: 16/21
 16114 | Lair:2   | Gained mutation: Your large and strong wings let you fly
                  | indefinitely. [Gargoyle growth]
 16114 | Lair:2   | Reached XP level 14. HP: 91/91 MP: 21/23
 18425 | Lair:4   | Found a staircase to the Snake Pit.
 18428 | Lair:4   | Got a dazzling buckler
 18439 | Lair:4   | Identified the +2 buckler "Ytrit" {Int+3} (You found it on
                  | level 4 of the Lair of Beasts)
 19913 | Lair:4   | Upgraded the game from 0.23-a0-582-g1b4a0ca to
                  | 0.23-a0-586-gacb4b3f
 19913 | Lair:4   | Upgraded the game from 0.23-a0-586-gacb4b3f to
                  | 0.23-a0-607-g760965b
 20062 | Lair:4   | Found a staircase to the Swamp.
 20229 | Lair:5   | Found a dark tunnel.
 20238 | Volcano  | Entered a volcano
 20394 | Volcano  | Noticed a red draconian
 20418 | Volcano  | Killed a red draconian
 20418 | Volcano  | Reached XP level 15. HP: 90/98 MP: 22/24
 20774 | Lair:5   | You are sucked into a shaft!
 20774 | Lair:6   | Entered Level 6 of the Lair of Beasts
 20808 | Lair:5   | Found a runed door.
 20812 | Lair:5   | Found a viscous altar of Jiyva.
 21083 | Lair:5   | Noticed Rupert
 21103 | Lair:5   | Killed Rupert
 21573 | Lair:5   | Found a staircase to the Slime Pits.
 22219 | Lair:6   | Found a burning altar of Makhleb.
 22221 | Lair:6   | Reached ****** piety under the Shining One
 22275 | Lair:6   | Found a gateway to Hell.
 22283 | Lair:6   | Got an ancient brass ring
 22796 | Lair:6   | Found a snail-covered altar of Cheibriados.
 23148 | D:13     | Identified the ring "Emagizudd" {rC+ Str+2 Slay+3 SInv
                  | Stlth+} (You found it on level 6 of the Lair of Beasts)
 23157 | D:13     | Identified the +2 quarterstaff of Zuptys {vamp, Dex+2} (You
                  | found it on level 13 of the Dungeon)
 23158 | D:13     | Upgraded the game from 0.23-a0-607-g760965b to
                  | 0.23-a0-619-g281719c
 23316 | D:3      | Killed SaintRoka's ghost
 23606 | D:13     | Got a transparent ring mail
 23617 | D:13     | Identified the cursed +1 ring mail of the Eleven Demons
                  | {+Blink rElec Str-3 Dex+7 Stlth-} (You found it on level 13
                  | of the Dungeon)
 24498 | D:14     | Reached XP level 16. HP: 107/107 MP: 25/25
 24683 | D:14     | Noticed Louise
 24706 | D:14     | Killed Louise
 25386 | D:14     | Found a gate to the Vaults.
 25425 | D:15     | Entered Level 15 of the Dungeon
 25630 | D:15     | Noticed Azrael
 25636 | D:15     | Reached skill level 15 in Fighting
 25644 | D:15     | Killed Azrael
 25801 | D:15     | Found a runed door.
 25801 | D:15     | Noticed Vusoih's ghost (journeyman DsFi)
 26066 | D:15     | Found a staircase to the Depths.
 27071 | Orc:1    | Entered Level 1 of the Orcish Mines
 27134 | Orc:2    | Entered Level 2 of the Orcish Mines
 27135 | Orc:2    | Found a staircase to the Elven Halls.
 27672 | Orc:2    | Paralysed by an orc sorcerer for 6 turns
 27721 | Orc:2    | Found Siphi's Distillery.
 27933 | Orc:2    | Found Meddol's Distillery.
 27937 | Orc:2    | Bought a potion of heal wounds for 65 gold pieces
 27937 | Orc:2    | Bought a potion of mutation for 104 gold pieces
 27937 | Orc:2    | Bought 2 potions of curing for 78 gold pieces
 27939 | Orc:2    | Bought a potion of cancellation for 112 gold pieces
 27966 | Orc:2    | Found Kusch's Weapon Boutique.
 27970 | Orc:2    | Found Sofie's Food Shoppe.
 28059 | Orc:1    | Noticed Fannar
 28061 | Orc:1    | Identified the +3 large shield of Tender Moments {Str+3
                  | Dex+3 Slay+3}
 28081 | Orc:1    | Killed Fannar
 28517 | Swamp:1  | Entered Level 1 of the Swamp
 29235 | Swamp:2  | Noticed Kirke
 29235 | Swamp:2  | Noticed Nikola
 29276 | Swamp:2  | Reached XP level 17. HP: 98/113 MP: 22/26
 29450 | Swamp:2  | Killed Kirke
 29692 | Swamp:2  | Noticed Jorgrun
 29703 | Swamp:2  | Killed Jorgrun
 30286 | Swamp:2  | Killed Nikola
 30286 | Swamp:2  | Reached skill level 15 in Armour
 30815 | Swamp:3  | Reached skill level 15 in Shields
 31256 | Swamp:4  | Entered Level 4 of the Swamp
 32814 | Swamp:4  | Noticed a tentacled monstrosity
 32832 | Swamp:4  | Killed a tentacled monstrosity
 32864 | Swamp:4  | Reached XP level 18. HP: 105/120 MP: 23/27
 32918 | Swamp:4  | Reached skill level 15 in Maces & Flails
 32940 | Swamp:4  | Got a decaying rune of Zot
 33169 | Swamp:4  | Upgraded the game from 0.23-a0-619-g281719c to
                  | 0.23-a0-667-gc184e93
 33351 | Snake:1  | Entered Level 1 of the Snake Pit
 34087 | Snake:1  | Found a runed gate.
 34087 | Snake:1  | Found a runed gate.
 34088 | Snake:1  | Found a runed gate.
 34449 | Snake:1  | Noticed tilp's ghost (adept MfIE)
 34450 | Snake:1  | Found an opulent altar of Gozag.
 34453 | Snake:1  | Found Peollepn's Assorted Antiques.
 34493 | Snake:1  | Killed tilp's ghost
 34826 | Snake:1  | Bought 2 potions of might for 280 gold pieces
 34826 | Snake:1  | Bought a potion of cancellation for 280 gold pieces
 34908 | Snake:1  | Bought the +3 salamander hide armour {+Rage rF++} for 1575
                  | gold pieces
 34908 | Snake:1  | Found the +3 salamander hide armour {+Rage rF++}
 36745 | Snake:3  | Found a burning altar of Makhleb.
 37131 | Snake:3  | Reached XP level 19. HP: 122/128 MP: 26/29
 37353 | Snake:4  | Entered Level 4 of the Snake Pit
 38903 | Snake:4  | Learned a level 4 spell: Summon Lightning Spire
 39066 | Snake:4  | Reached skill level 1 in Spellcasting
 39066 | Snake:4  | Reached skill level 1 in Summonings
 39066 | Snake:4  | Reached skill level 1 in Air Magic
 39243 | Snake:4  | Reached skill level 15 in Invocations
 39474 | Snake:4  | Got a serpentine rune of Zot
 39560 | Snake:4  | Identified a scroll of acquirement
 39803 | Vaults:1 | Entered Level 1 of the Vaults
 40103 | Vaults:1 | Reached XP level 20. HP: 131/136 MP: 31/31
 41050 | Vaults:2 | Found Acotac's Assorted Antiques.
 41067 | Vaults:2 | Bought a smoking scale mail for 288 gold pieces
 41077 | Vaults:2 | Identified the +4 scale mail of Lyqeog {+Inv rF+ Int+3}
                  | (You bought it in a shop on level 2 of the Vaults)
 42615 | Vaults:2 | Found a staircase to the Crypt.
 42848 | Vaults:2 | Identified the cursed -12 large shield "Hokkisue" {Str+4}
 43644 | Vaults:3 | Reached XP level 21. HP: 142/144 MP: 32/32
 43744 | Vaults:3 | Got a distressingly furry scale mail
 43755 | Vaults:3 | Identified the +5 scale mail "Qaog" {rF+} (You found it on
                  | level 3 of the Vaults)
 44618 | Vaults:3 | Noticed Mara
 44626 | Vaults:3 | Noticed alfred1011's illusion
 44635 | Vaults:3 | Killed Mara
 44639 | Vaults:3 | Identified a +4 sacred scourge of holy wrath (a +2 demon
                  | whip of electrocution blessed by the Shining One)
 44639 | Vaults:3 | Received a gift from the Shining One
 45081 | Vaults:4 | Noticed Sojobo
 45099 | Vaults:4 | Killed Sojobo
 45412 | Vaults:4 | Upgraded the game from 0.23-a0-667-gc184e93 to
                  | 0.24-a0-218-ga595e75
 45643 | Vaults:4 | Noticed Xtahua
 45650 | Vaults:4 | Killed Xtahua
 45947 | Vaults:4 | Reached skill level 1 in Dodging
 46851 | Depths:1 | Entered Level 1 of the Depths
 46866 | Depths:1 | Noticed a caustic shrike
 46871 | Depths:1 | Reached XP level 22. HP: 116/151 MP: 27/34
 46905 | Depths:1 | Killed a caustic shrike
 46966 | Depths:1 | Found a hazy altar of Hepliaklqana.
 46966 | Depths:1 | Found a radiant altar of Vehumet.
 46966 | Depths:1 | Found a bloodstained altar of Trog.
 46974 | Depths:1 | Found a blossoming altar of Fedhas.
 47033 | Depths:1 | Identified the +1 leather armour "Zaf Foka" {rC+ Str-4 SInv
                  | Stlth+}
 47034 | Depths:1 | HP: 5/152 [jiangshi[a glowing orange brain] (8)]
 47034 | Depths:1 | The Shining One protects you from harm!
 47582 | Depths:1 | Found the +2 pair of boots of the Assassin {Detection Stab+
                  | Stlth++}
 47626 | Depths:1 | Identified Sif Muna's Reference Book on Cloudy Enhancements
 47652 | Depths:1 | Reached skill level 5 in Dodging
 47685 | Depths:1 | Paralysed by a great orb of eyes for 5 turns
 48384 | Depths:1 | Got a warped wooden ring
 48670 | Vaults:4 | Identified the ring of Hiykaal {Ice rPois Int+5} (You found
                  | it on level 1 of the Depths)
 49404 | Depths:2 | Found a gateway to a ziggurat.
 49618 | Depths:2 | Found a basalt altar of Yredelemnul.
 49748 | Depths:2 | Found a burning altar of Makhleb.
 49748 | Depths:2 | Found a sacrificial altar of Ru.
 50205 | Depths:2 | Reached XP level 23. HP: 150/157 MP: 32/35
 50349 | Depths:2 | Reached XP level 24. HP: 164/164 MP: 35/35
 50443 | Depths:2 | Noticed a caustic shrike
 50460 | Depths:2 | Killed a caustic shrike
 50896 | Depths:2 | Identified the +7 hand axe of the Lumpy Souls {venom, rPois
                  | rF+ rN+ Dex-5}
 50968 | Depths:2 | Noticed a juggernaut
 50975 | Depths:2 | Upgraded the game from 0.24-a0-218-ga595e75 to
                  | 0.24-a0-235-g3f03afc
 50984 | Depths:2 | Killed a juggernaut
 51445 | Depths:3 | You are sucked into a shaft for 2 floors!
 51445 | Depths:5 | Entered Level 5 of the Depths
 51461 | Depths:5 | Found a one-way gate to the infinite horrors of the Abyss.
 51462 | Depths:5 | Paralysed by a sphinx for 4 turns
 51719 | Depths:4 | HP: 4/164 [iron troll (29)]
 51719 | Depths:4 | Demolished by an iron troll

Levels and vault maps discovered:
D:1:      minmay_arrival_open_corners
D:3:      cheibriados_altar_1, first_ration, gammafunk_ghost_smash,
          kennysheep_generic_room_8
D:4:      trog_wizard, uniq_duvessa, uniq_robin, uniq_ijyb
D:5:      led_xom_imps, cheibrodos_ashenzari_chains, okawaru_altar_gauntlet_db,
          minmay_temple_entry_drinking_statues, basic_altar,
          minmay_misc_feat_doors, nrook_mini_backslash
D:6:      zin_angel, kennysheep_mini, yredelemnul_forgotten_temple_becter,
          serial_shops, nicolae_shop_waterfront
D:7:      grunt_temple_overflow_open, the_bakery
D:8:      lemuel_zombie_altar_kikubaaqudgha, grunt_dithmenos_smoke
D:9:      marbit_many_paths, uniq_joseph
D:10:     orc_0_dummy, serial_shops, nicolae_shop_stone
D:11:     lair_entry_dummy, uniq_harold, uniq_urug
D:12:     enter_bailey_3, uniq_erolcha
D:13:     kennysheep_nondescript
D:14:     grunt_vaults_entry_fortified, kennysheep_decorative_pillar,
          uniq_louise
D:15:     grunt_enter_depths_giant_problem, special_room, gammafunk_ghost_grave,
          chequers_serial_rivers_micro_e, minmay_between, uniq_azrael
Temple:   jpeg_temple_island
Lair:1:   basic_altar, ebering_ghost_funeral_grove, lemuel_fruit_tree
Lair:2:   serial_bayou_shore_a
Lair:3:   minmay_holes, beast_lair_carwin_11
Lair:4:   nicolae_swamp_entry_splash_gauntlet,
          minmay_snake_entry_guardpost_small
Lair:5:   slime_altar_2, enter_volcano_2, minmay_hedge_maze,
          chequers_serial_rivers_micro_b, uniq_rupert
Lair:6:   evil_forest, serial_bayou_ford_a, nicolae_lair_grove_arrangements,
          kennysheep_snail_temple
Swamp:1:  evilmike_swamp_ruin_wall, swamp_pool2
Swamp:2:  evilmike_swamp_ruin_house_6, uniq_kirke, uniq_jorgrun, uniq_nikola
Swamp:3:  evilmike_swamp_ruin_house_1, swamp_pool1, infiniplex_staircase_pool_2
Swamp:4:  swamp_vile
Snake:1:  ebering_ghost_gozag
Snake:3:  basic_altar, grunt_ministairs_8
Snake:4:  grunt_snake_rune_serpentine_throne
Orc:1:    serial_shops, shop, uniq_fannar
Orc:2:    st_orc_elflike
Vaults:1: st_lines, ontoclasm_vaults_bender, vaults_room_stairs_pillars,
          v_misc_22, nicolae_vaults_asterisk, vaults_room_pools,
          vaults_room_grunt_arrival_ludios, nicolae_vaults_rhombus_6,
          hangedman_vaults_locks, nicolae_vaults_sealed_display, v_misc_33,
          v_misc_29, vaults_room_pool, ontoclasm_vaults_fault,
          hangedman_vaults_corner_blocks
Vaults:2: minmay_crypt_entry_skeletal_spiral, v_alt_pattern_5, v_misc_30,
          vaults_dpeg_hooks, v_misc_28, nicolae_vaults_circle_grid_a,
          vaults_room_corners, vaults_room_door_ring, serial_shops,
          nicolae_shop_trees
Vaults:3: nicolae_vaults_alarming, nicolae_vaults_holding_cells, v_misc_18,
          v_misc_14, v_misc_23, vaults_dpeg_diagonal, dpeg_vaults_monster_box,
          nicolae_vaults_disjoint_gnomons, nicolae_vaults_big_ls,
          grunt_vaults_diagonal, grunt_vaults_funnel, uniq_mara
Vaults:4: v_rooms_2, hangedman_vaults_corner_blocks,
          ontoclasm_vaults_decontamination, ontoclasm_vaults_gateway, v_misc_30,
          v_misc_16, hangedman_vaults_variations, hangedman_vaults_restitches,
          nicolae_vaults_diagonal_hallway_8, ontoclasm_vaults_ring_small,
          nicolae_vaults_border_crossing, v_misc_10,
          vaults_room_hangedman_quadrants, nicolae_vaults_circle_grid_a,
          vaults_dpeg_cross, nicolae_vaults_specimen_jars, uniq_xtahua,
          uniq_sojobo
Depths:1: minmay_the_grid_octo_tiled_squarecenter_mashed
          [minmay_the_grid_octo_focus, minmay_the_grid_octo_clover_2,
          minmay_the_grid_octo_shrine, minmay_the_grid_octo_checkerflower,
          minmay_the_grid_square_5x5_megaprize_diamond,
          minmay_the_grid_square_5x5_intrusive_squares,
          minmay_the_grid_square_5x5_three, minmay_the_grid_square_5x5_plus,
          minmay_the_grid_square_5x5_two], layout_cave_pools, grunt_hell_horde,
          kilobyte_mutagenic_chamber
Depths:2: hangedman_slaughterboxes, hell_entry, serial_shops
Depths:3: minmay_inner_zag, layout_cave_pools, hell_entry, nicolae_water_bricks,
          mu_enter_wizlab_5, grunt_pan_entry_zigzag, minmay_metal_thing
Depths:4: minmay_expanding_circles, layout_cave_shapes, hell_entry, abyss_entry,
          nicolae_island_escapes, minmay_staircase_bubble, minmay_shoptagon,
          serial_bayou_shore_b
Depths:5: evilmike_zot_entry_round, layout_long_grid, minmay_misc_feat_cross,
          hell_entry, abyss_entry, grunt_megastairs_1

Skill      XL: |  1  2  3  4  5  6  7  8  9 10 11 12 13 14 15 16 17 18 19 20 21 22 23 24 |
---------------+-------------------------------------------------------------------------+-----
Maces & Flails | 3 4 5 7 8 9 10 12 13 14 16 | 16.0
Shields        | 4 5 6 7 8 9 10 12 13 14 15 16 17 18 | 18.7
Fighting       | 4 5 6 7 8 9 10 11 13 14 15 16 17 18 19 20 | 20.7
Armour         | 4 5 6 7 8 9 10 12 13 14 15 16 17 18 19 20 | 20.2
Invocations    | 4 7 9 10 12 13 14 15 16 17 | 17.4
Spellcasting   | 3 |  3.8
Summonings     | 3 |  3.7
Air Magic      | 3 |  3.4
Dodging        | 2 6 8 9 |  9.1

Action                   |  1- 3 |  4- 6 |  7- 9 | 10-12 | 13-15 | 16-18 | 19-21 | 22-24 || total
-------------------------+-------+-------+-------+-------+-------+-------+-------+-------++-------
Melee: Flail             |   154 |    23 |       |       |    12 |       |       |       ||   189
       Whip              |       |   340 |   529 |   964 |  1120 |   132 |     8 |       ||  3093
       Morningstar       |       |       |       |     8 |       |       |       |       ||     8
       Eveningstar       |       |       |       |       |       |  1219 |  1446 |   669 ||  3334
       Sacred scourge    |       |       |       |       |       |       |    46 |   132 ||   178
 Fire: Blowgun           |       |       |       |       |     1 |     2 |       |       ||     3
Throw: Tomahawk          |       |       |       |    16 |    71 |    54 |     9 |    12 ||   162
Invok: Cleansing Flame   |       |       |       |     3 |     2 |     7 |     3 |     4 ||    19
       Summon Divine War |       |       |       |       |       |     5 |     6 |     4 ||    15
       Divine Shield     |       |       |       |       |       |     4 |     4 |     1 ||     9
       Brand Weapon With |       |       |       |       |       |       |     1 |       ||     1
 Abil: Fly               |       |       |       |       |     1 |       |       |       ||     1
       Evoke Berserk Rag |       |       |       |       |       |     1 |       |       ||     1
Evoke: Wand              |       |     1 |     6 |    14 |    12 |    16 |     7 |     8 ||    64
  Use: Potion            |     1 |     1 |       |     4 |     2 |     4 |     3 |    10 ||    25
       Scroll            |       |    12 |     7 |    18 |    16 |     3 |    11 |     9 ||    76
 Stab: Invisible         |       |       |     2 |       |       |       |       |       ||     2
       Distracted        |       |       |     1 |       |       |       |       |       ||     1
  Eat: Chunk             |     1 |    11 |    12 |    16 |    17 |    21 |    24 |     1 ||   103
       Ration            |       |     7 |     1 |     2 |     3 |     7 |     4 |     4 ||    28
Armor: Scale mail        |    93 |   191 |       |       |       |       |   242 |   383 ||   909
       Plate armour      |       |     3 |   234 |   461 |   557 |   857 |   304 |       ||  2416
Dodge: Dodged            |    55 |   113 |    70 |   204 |   210 |   326 |   248 |   260 ||  1486
Block: Shield            |    84 |   192 |   216 |   555 |   650 |  1094 |   368 |       ||  3159
       Large shield      |       |       |       |       |       |       |   924 |   937 ||  1861

Table legend:
 A = Non-vault XP
 B = Vault XP
 C = Vault XP percentage of total XP
 D = Non-vault monster count
 E = Vault monster count
 F = Vault count percentage of total count
                 A         B        C        D         E       F
            +---------+---------+-------+---------+---------+-------
      Total |  382391 |  382231 |  50.0 |    1167 |     564 |  32.6
            +---------+---------+-------+---------+---------+-------
        D:1 |      35 |       0 |   0.0 |      21 |       0 |   0.0
        D:2 |      95 |       0 |   0.0 |      25 |       0 |   0.0
        D:3 |     196 |     365 |  65.1 |      28 |       4 |  12.5
        D:4 |     487 |     256 |  34.5 |      17 |      15 |  46.9
        D:5 |     921 |     208 |  18.4 |      34 |      10 |  22.7
        D:6 |     506 |       1 |   0.2 |      10 |       1 |   9.1
        D:7 |    1979 |     224 |  10.2 |      35 |       1 |   2.8
        D:8 |     801 |       4 |   0.5 |      14 |       3 |  17.6
        D:9 |    2684 |     543 |  16.8 |      26 |       2 |   7.1
       D:10 |    3219 |       0 |   0.0 |      26 |       0 |   0.0
       D:11 |    4916 |    1852 |  27.4 |      53 |       2 |   3.6
       D:12 |    5427 |     997 |  15.5 |      50 |       5 |   9.1
       D:13 |    6897 |       0 |   0.0 |      38 |       0 |   0.0
       D:14 |    6039 |    9030 |  59.9 |      19 |      11 |  36.7
       D:15 |   13232 |    7032 |  34.7 |      36 |      36 |  50.0
     Lair:1 |    3093 |    2018 |  39.5 |      10 |       5 |  33.3
     Lair:2 |    4350 |       0 |   0.0 |      18 |       0 |   0.0
     Lair:3 |   11642 |     474 |   3.9 |      42 |       3 |   6.7
     Lair:4 |   13567 |    1281 |   8.6 |      36 |       8 |  18.2
     Lair:5 |    8639 |    3045 |  26.1 |      24 |       4 |  14.3
     Lair:6 |    8673 |   10650 |  55.1 |      25 |      27 |  51.9
    Swamp:1 |    7679 |       0 |   0.0 |      18 |       0 |   0.0
    Swamp:2 |   14238 |    8557 |  37.5 |      30 |       3 |   9.1
    Swamp:3 |    8716 |       0 |   0.0 |      16 |       0 |   0.0
    Swamp:4 |   16294 |   19066 |  53.9 |      51 |      30 |  37.0
    Snake:1 |   15245 |    8207 |  35.0 |      29 |       8 |  21.6
    Snake:2 |   21309 |       0 |   0.0 |      38 |       0 |   0.0
    Snake:3 |   20188 |    2076 |   9.3 |      34 |       6 |  15.0
    Snake:4 |   21582 |   45768 |  68.0 |      41 |      60 |  59.4
      Orc:1 |    1178 |     708 |  37.5 |      22 |       1 |   4.3
      Orc:2 |    2477 |    8421 |  77.3 |      33 |      25 |  43.1
   Vaults:1 |   31727 |   18576 |  36.9 |      65 |      30 |  31.6
   Vaults:2 |   32704 |   13236 |  28.8 |      54 |      28 |  34.1
   Vaults:3 |   17359 |   33165 |  65.6 |      28 |      33 |  54.1
   Vaults:4 |   18813 |   42010 |  69.1 |      42 |      38 |  47.5
   Depths:1 |   35802 |   30585 |  46.1 |      53 |      39 |  42.4
   Depths:2 |       0 |  105507 | 100.0 |       0 |      91 | 100.0
   Depths:3 |     215 |       0 |   0.0 |       1 |       0 |   0.0
   Depths:4 |    6153 |       0 |   0.0 |      12 |       0 |   0.0
   Depths:5 |   13314 |    1058 |   7.4 |      13 |       1 |   7.1
     Bailey |       0 |     632 | 100.0 |       0 |      27 | 100.0
    Volcano |       0 |    6679 | 100.0 |       0 |       7 | 100.0
            +---------+---------+-------+---------+---------+-------
